 Dungeon Crawl Stone Soup version 0.31.0-1-g2c135a008e (webtiles) character file.

Game seed: 12283129662618291428

3523 qw the Nimble (level 10, -3/72 HPs)
             Began as a Djinni Hunter on Jan 23, 2024.
             Was a Priest of Okawaru.
             Slain by a tengu warrior
             ... wielding a +0 battleaxe
              (4 damage)
             ... on level 8 of the Dungeon.
             The game lasted 00:00:25 (6442 turns).

qw the Nimble (Djinni Hunter)                       Turns: 6442, Time: 00:00:26

Health: -3/72      AC:  6    Str:  9    XL:     10   Next: 29%
Gold:   423        EV: 23    Int: 10    God:    Okawaru [***...] SH:  0 Dex: 25

rFire   + + +        o - +0 orcbow (flame)
rCold   . . .        (shield currently unavailable)
rNeg    . . .        c - +0 leather armour
rPois   inf          (no helmet)
rElec   .            b - +0 cloak
rCorr   .            i - +0 pair of gloves of Nihilism {*Corrode rF+ rC+ Regen+}
SInv    .            (boots unavailable)
Will    ++...        k - amulet of regeneration
Stlth   +++          t - +4 ring of protection
HPRegen 1.92/turn    (no ring)
MPRegen 0.00/turn

%: corrode self (3%), infuse magic (-4 HP)
@: heroic, corroded, flying
A: sickness immunity, fire resistance 2, cold vulnerability 1, float, innate
caster, HP casting, extra vitality 1, agile 1, strong-willed 1, persistent drain
a: Renounce Religion, Heroism


You were on level 8 of the Dungeon.
You worshipped Okawaru.
Okawaru was most pleased with you.
You visited 2 branches of the dungeon, and saw 9 of its levels.

You collected 423 gold pieces.


Innate Abilities, Weirdness & Mutations

You are immune to sickness and miasma.
You are immune to poison.
Your flesh is very heat resistant. (rF++)
You are vulnerable to cold. (rC-)
You float through the air rather than walking.
You learn spells naturally, not from books.
Your magical power is your life essence.
You have superior vitality. (+4 MHP)
You are agile. (Dex +4, Str/Int -1)
You are strong-willed. (Will+)
Your health recovers twice as slowly from being drained.


   Skills:
 - Level 6.0(11.0) Fighting
 - Level 8.5(13.5) Ranged Weapons
 + Level 1.3(6.3) Armour
 - Level 8.6(13.6) Dodging
 - Level 0.7(5.7) Stealth
 - Level 4.1 Invocations


You knew the following spells:

 Your Spells              Type           Power      Damage    Failure   Level
a - Sandblast             Erth           0%         2d4       45%         1
b - Momentum Strike       Conj/Tloc      0%         3d8       58%         2
c - Volatile Blastmotes   Fire/Tloc      0%         2d10      83%         3
d - Petrify               Alch/Erth      0%         N/A       99%         4
Your spell library was empty.

Inventory:

Hand Weapons
 o - a +0 orcbow of flaming (weapon)
Armour
 a - a +0 ring mail
 b - a +0 cloak (worn)
 c - a +0 leather armour (worn)
 i - the +0 pair of gloves of Nihilism (worn) {*Corrode rF+ rC+ Regen+}
   (You found it on level 2 of the Dungeon)

   rF+:       It protects you from fire.
   rC+:       It protects you from cold.
   Regen+:    It increases your rate of health regeneration.
   *Corrode:  It may corrode you when you take damage.
Jewellery
 k - an amulet of regeneration (around neck)
 p - an amulet of faith
 t - a +4 ring of protection (left hand)
Wands
 e - a wand of charming (23)
 f - a wand of polymorph (7)
Scrolls
 d - 2 scrolls of teleportation
 l - a scroll of blinking {unknown}
 n - a scroll of identify
Potions
 g - a potion of enlightenment {unknown}
 h - 4 potions of curing
 j - a potion of cancellation
 m - 2 potions of berserk rage {unknown}
 q - a potion of resistance
 r - a potion of mutation

Dungeon Overview and Level Annotations

Branches:
Dungeon (8/15)             Temple (1/1) D:4
   Lair: D:8-11

Altars:
Ashenzari
Cheibriados
Dithmenos
Elyvilon
Fedhas
Gozag
Hepliaklqana
Makhleb
Nemelex Xobeh
Okawaru
Qazlal
Ru
Trog
Uskayaw
Wu Jian
Xom
Yredelemnul
Zin
The Shining One


Message History

The tengu warrior is moderately wounded.
The tengu warrior hits you with a +0 battleaxe.
Your corrosive artefact corrodes you!
The tengu warrior closely misses you. The tengu warrior misses you.
You shoot an arrow. The arrow misses the tengu warrior.
You shoot an arrow.
The arrow barely misses the tengu warrior.
The tengu warrior closely misses you. x2; The tengu warrior claws you.
You shoot an arrow. The arrow misses the tengu warrior.
The tengu warrior hits you with a +0 battleaxe.
The tengu warrior pecks you but does no damage.
The tengu warrior misses you.
You shoot an arrow. The arrow hits the tengu warrior.
The arrow burns the tengu warrior.
The tengu warrior is moderately wounded.
The tengu warrior completely misses you.
The tengu warrior misses you. The tengu warrior closely misses you.
You shoot an arrow.
The arrow barely misses the tengu warrior.
The tengu warrior hits you with a +0 battleaxe!
The tengu warrior misses you.
The tengu warrior claws you but does no damage.
You shoot an arrow.
The arrow completely misses the tengu warrior.
The tengu warrior hits you with a +0 battleaxe!
The tengu warrior pecks you. The tengu warrior barely misses you.
You shoot an arrow.
The arrow hits the tengu warrior but does no damage.
The tengu warrior is moderately wounded.
The tengu warrior slips past you!
The tengu warrior completely misses you.
The tengu warrior pecks you. The tengu warrior closely misses you.
You shoot an arrow. The arrow hits the tengu warrior!
The arrow burns the tengu warrior.
The tengu warrior is heavily wounded.
You shoot an arrow.
The arrow closely misses the tengu warrior.
The tengu warrior hits you with a +0 battleaxe!!
The tengu warrior pecks you. The tengu warrior claws you.
You die...

#..##..#... ..#
###..#..## #.. #|#..##..#
..# #### #.##..#..###..#
#..# #..#..##..#..# ##.#
#..##..#..#..# #.#####
#......##...# #.....#
#########..Q######
#.###^#
#.........@....#####.#
#.#
.###.##.................#
#.#
..............#.#########
#.# ####.##.......#.# #?#
#.............#.# #.#
#.##.###.######'## #.#
#.##.# #.# ##...## #.#
#.##.###># ##.....##
###.##
#.##..##.###.......##
##....#


You could see a tengu warrior.

Vanquished Creatures
  A centaur warrior (D:8)
  A boulder beetle (D:8)
  Prince Ribbit (D:8)
  Sigmund (D:3)
  An orc warrior (D:8)
  An ice beast (D:5)
  A black bear (D:6)
  2 ogres
  A centaur (D:7)
  A phantom (D:6)
  4 bullfrogs
  3 gnoll sergeants
  5 scorpions
  A wight (D:7)
  An electric eel (D:7)
  A howler monkey (D:7)
  A bombardier beetle (D:5)
  2 hounds
  2 orc priests
  2 jellies
  3 iguanas
  3 orc wizards
  5 gnolls (D:7)
  8 adders
  3 white imps
  2 ribbon worms
  14 orcs
  3 endoplasms
  3 giant cockroaches
  5 goblins
  2 hobgoblins
  2 quokkas
  7 ball pythons
  4 bats
  4 frilled lizards (D:1)
  13 kobolds
  A rat (D:1)
115 creatures vanquished.

Notes
Turn   | Place    | Note
-------+----------+-------------------------------------------
     0 | D:1      | qw the Djinni Hunter began the quest for the Orb.
     0 | D:1      | Reached XP level 1. HP: 18/18 MP: 0/0
     0 | D:1      | 0 ||| qw: Version: 0.3-a-135-gb77e89d
     0 | D:1      | 0 ||| qw: Game counter: 869
     0 | D:1      | 0 ||| qw: Melee chars always use a shield: true
     0 | D:1      | 0 ||| qw: God list: Okawaru
     0 | D:1      | 0 ||| qw: Allow faded altars: false
     0 | D:1      | 0 ||| qw: Do Orc after clearing Dungeon:15 true
     0 | D:1      | 0 ||| qw: Do second Lair branch before Depths: true
     0 | D:1      | 0 ||| qw: Lair rune preference: random
     0 | D:1      | 0 ||| qw: Goals: Normal
     0 | D:1      | 0 ||| PLANNING D:1-11
    82 | D:1      | Reached XP level 2. HP: 23/23 MP: 0/0
   317 | D:1      | You are sucked into a shaft and drop 1 floor!
   333 | D:2      | Reached XP level 3. HP: 28/28 MP: 0/0
   333 | D:2      | Learned a level 1 spell: Sandblast
   492 | D:2      | 492 ||| READING 2 scrolls labelled KENGUQ ZAYMITE.
   497 | D:2      | 497 ||| READING scroll labelled YRGHYA MENEC.
   498 | D:2      | 498 ||| READING 2 scrolls labelled ICOLOD COFF.
   498 | D:2      | 498 ||| IDENTIFYING bubbling clear potion
   499 | D:2      | 499 ||| READING scroll of identify.
   499 | D:2      | 499 ||| IDENTIFYING lumpy white potion
   500 | D:2      | 500 ||| READING scroll labelled NEJUD COALOEM.
   601 | D:2      | 601 ||| DROPPING scroll of butterflies.
   602 | D:2      | 602 ||| DROPPING potion of lignification.
   895 | D:2      | Found a glowing silver altar of Zin.
  1115 | D:2      | Identified the +5 dagger of Boosah Lis {heavy, Str+3 SInv
                  | Stlth-}
  1253 | D:2      | Identified the +0 pair of gloves of Nihilism {*Corrode rF+
                  | rC+ Regen+}
  1483 | D:2      | 1483 ||| UPGRADING to +0 pair of gloves of Nihilism
                  | {*Corrode rF+ rC+ Regen+}.
  1488 | D:2      | 1488 ||| READING scroll labelled OCYCEWI JUBB.
  1489 | D:2      | 1489 ||| READING scroll labelled ENAGORPH VONE.
  1489 | D:2      | 1489 ||| ENCHANTING +0 shortbow.
  1639 | D:3      | Found a faded altar of an unknown god.
  1659 | D:3      | Noticed Sigmund
  1668 | D:3      | Killed Sigmund
  1669 | D:3      | Reached XP level 4. HP: 28/39 MP: 0/0
  1669 | D:3      | Reached XP level 5. HP: 31/43 MP: 0/0
  1669 | D:3      | Learned a level 2 spell: Momentum Strike
  1669 | D:3      | Reached XP level 6. HP: 35/49 MP: 0/0
  1716 | D:3      | 1716 ||| READING 3 scrolls of enchant weapon.
  1716 | D:3      | 1716 ||| ENCHANTING +1 shortbow.
  1717 | D:3      | 1717 ||| READING 2 scrolls of enchant weapon.
  1717 | D:3      | 1717 ||| ENCHANTING +2 shortbow.
  1718 | D:3      | 1718 ||| READING scroll of enchant weapon.
  1718 | D:3      | 1718 ||| ENCHANTING +3 shortbow.
  1983 | D:3      | Found a burning altar of Makhleb.
  2000 | D:3      | 2000 ||| UPGRADING to +0 cloak.
  2005 | D:3      | 2005 ||| UPGRADING to amulet of regeneration.
  2390 | D:3      | 2390 ||| READING 2 scrolls labelled HUQOMP QUAM.
  2391 | D:3      | 2391 ||| DRINKING 2 pink potions.
  2392 | D:3      | 2392 ||| DROPPING scroll of noise.
  2393 | D:3      | 2393 ||| DROPPING potion of brilliance.
  2500 | D:4      | Found a staircase to the Ecumenical Temple.
  2501 | D:4      | 2501 ||| PLANNING TEMPLE
  2508 | Temple   | Found a transporter.
  2508 | Temple   | Found a transporter.
  2508 | Temple   | Found a transporter.
  2508 | Temple   | Found a transporter.
  2508 | Temple   | Entered the Ecumenical Temple
  2509 | Temple   | 2509 ||| PLANNING D:1-11
  2529 | Temple   | 2529 ||| PLANNING OKAWARU WORSHIP
  2534 | Temple   | Became a worshipper of Warmaster Okawaru
  2535 | Temple   | 2535 ||| PLANNING D:1-11
  2712 | D:4      | Reached skill level 3 in Dodging
  2713 | D:4      | Identified the +10 mace of Light {antimagic, rPois Dex+3}
  2922 | D:4      | Reached skill level 1 in Armour
  3042 | D:4      | 3042 ||| READING scroll labelled YRURPH POEFIA.
  3143 | D:4      | 3143 ||| READING scroll labelled HIDWEI JEF ENE.
  3144 | D:4      | 3144 ||| DRINKING 2 cyan potions.
  3144 | D:4      | Gained mutation: Potions are less effective at restoring
                  | your health. [potion of mutation]
  3145 | D:4      | 3145 ||| DRINKING potion of mutation.
  3145 | D:4      | Lost mutation: Potions are less effective at restoring your
                  | health. [potion of mutation]
  3145 | D:4      | Gained mutation: Your health recovers twice as slowly from
                  | being drained. [potion of mutation]
  3145 | D:4      | Gained mutation: You are agile. (Dex +4, Str/Int -1)
                  | [potion of mutation]
  3145 | D:4      | Gained mutation: You are strong-willed. (Will+) [potion of
                  | mutation]
  3177 | D:5      | Entered Level 5 of the Dungeon
  3243 | D:5      | Reached XP level 7. HP: 54/54 MP: 0/0
  3243 | D:5      | Learned a level 3 spell: Volatile Blastmotes
  3243 | D:5      | Found a white marble altar of Elyvilon.
  3488 | D:5      | Reached * piety under Okawaru
  3854 | D:5      | Reached skill level 1 in Invocations
  3854 | D:5      | Reached XP level 8. HP: 59/59 MP: 0/0
  3854 | D:5      | Found a shimmering altar of Xom.
  3854 | D:5      | Found a basalt altar of Yredelemnul.
  3854 | D:5      | Found a shadowy altar of Dithmenos.
  3854 | D:5      | Found a stormy altar of Qazlal.
  3862 | D:5      | Found an ornate altar of the Wu Jian Council.
  3862 | D:5      | Found a glowing silver altar of Zin.
  3868 | D:5      | 3868 ||| READING scroll of identify.
  3868 | D:5      | 3868 ||| IDENTIFYING green potion
  3869 | D:5      | 3869 ||| READING scroll labelled LUESSU GOARIES.
  3870 | D:5      | 3870 ||| DROPPING potion of invisibility.
  3962 | D:6      | Reached skill level 6 in Ranged Weapons
  4092 | D:6      | Reached skill level 3 in Invocations
  4506 | D:6      | Reached ** piety under Okawaru
  4791 | D:6      | 4791 ||| READING 2 scrolls of identify.
  4791 | D:6      | 4791 ||| IDENTIFYING glowing puce potion
  4792 | D:6      | 4792 ||| READING scroll of identify.
  4792 | D:6      | 4792 ||| IDENTIFYING fuming golden potion
  4951 | D:7      | 4951 ||| SWAPPING to +0 orcbow.
  4955 | D:7      | 4955 ||| DROPPING +4 shortbow.
  5008 | D:7      | Reached XP level 9. HP: 65/65 MP: 0/0
  5008 | D:7      | Learned a level 4 spell: Petrify
  5339 | D:7      | 5339 ||| FLEEEEING.
  5340 | D:7      | 5340 ||| FLEEEEING.
  5399 | D:7      | Reached skill level 6 in Dodging
  5592 | D:7      | Found a blossoming altar of Fedhas.
  5697 | D:7      | 5697 ||| UPGRADING to +4 ring of protection.
  5698 | D:7      | 5698 ||| READING scroll of identify.
  5698 | D:7      | 5698 ||| IDENTIFYING black potion
  5699 | D:7      | 5699 ||| READING scroll labelled WOLOSASHUGUN.
  5699 | D:7      | 5699 ||| BRANDING +0 orcbow.
  5700 | D:7      | 5700 ||| DRINKING 2 fizzy yellow potions.
  5701 | D:7      | 5701 ||| DROPPING potion of ambrosia.
  5702 | D:7      | 5702 ||| DROPPING wand of flame (28).
  5792 | D:8      | Noticed a centaur warrior
  5793 | D:8      | 5793 ||| INVOKING Heroism.
  5800 | D:8      | 5800 ||| FLEEEEING.
  5801 | D:8      | HP: 15/65 [centaur warrior/arrow (16)]
  5802 | D:8      | 5802 ||| READING 4 scrolls of teleportation.
  5803 | D:8      | Killed a centaur warrior
  5803 | D:8      | Reached *** piety under Okawaru
  5804 | D:8      | 5804 ||| FLEEEEING.
  6022 | D:8      | Noticed Prince Ribbit
  6023 | D:8      | 6023 ||| INVOKING Heroism.
  6030 | D:8      | Killed Prince Ribbit
  6100 | D:8      | Noticed a boulder beetle
  6101 | D:8      | 6101 ||| INVOKING Heroism.
  6123 | D:8      | 6123 ||| INVOKING Heroism.
  6124 | D:8      | Killed a boulder beetle
  6125 | D:8      | Reached XP level 10. HP: 37/70 MP: 0/0
  6216 | D:8      | Identified the staff of the Elven Halls {rPois rF+ rN+
                  | Str-2 Stlth+ Fire}
  6232 | D:8      | Noticed a tengu warrior
  6232 | D:8      | Noticed a centaur warrior
  6233 | D:8      | 6233 ||| INVOKING Heroism.
  6243 | D:8      | HP: 16/70 [tengu warrior/+0 battleaxe (8)]
  6244 | D:8      | 6244 ||| READING 3 scrolls of teleportation.
  6245 | D:8      | 6245 ||| DRINKING potion of heal wounds.
  6322 | D:8      | Reached skill level 6 in Fighting
  6428 | D:8      | 6428 ||| INVOKING Heroism.
  6442 | D:8      | HP: 2/72 [tengu warrior/+0 battleaxe (23)]
  6442 | D:8      | Slain by a tengu warrior

Levels and vault maps discovered:
D:1:      kennysheep_arrival_forest, layout_rooms
D:2:      layout_loops_corners, basic_altar, minivault_5
D:3:      layout_loops_corners, amcnicky_altar_gilded,
          hellmonk_ecumenical_altar_leap_of_faith, serial_park_tiny_pond,
          uniq_sigmund
D:4:      layout_loops_cross, minmay_temple_entry_glassed_door,
          mrwooster_statue_mirror, minmay_crystal_water
D:5:      layout_loops_ring, elyvilon_altar_1, minmay_overflow_temple_hex
D:6:      layout_loops_ring, serial_co_window_serial,
          co_window_of_opportunity_a, co_window_corner_a, co_window_corner_a,
          co_window_paths_b, co_window_of_opportunity_a, co_window_paths_b,
          co_window_corner_a, co_window_2corner, co_window_2corner,
          co_window_of_opportunity_b, co_window_of_opportunity_c,
          glass_columns_a, glass_columns_c, glass_columns_c,
          chequers_serial_rivers_room_b
D:7:      layout_basic, fedhas_bush_and_centaur_altar, corner_web_ring,
          kennysheep_opposing_triangles
D:8:      minmay_tri_box, layout_loops_corners, nrook_uturn, uniq_prince_ribbit1
Temple:   hellmonk_temple_divided_pantheon

Skill      XL: |  1  2  3  4  5  6  7  8  9 10 |
---------------+-------------------------------+-----
Ranged Weapons | 4 5 6 8 |  8.5
Fighting       | 5 6 |  6.0
Dodging        | 3 4 5 8 |  8.6
Armour         | 1 |  1.3
Invocations    | 1 4 |  4.1
Stealth        | |  0.7

Action                     |  1- 3 |  4- 6 |  7- 9 | 10-12 || total
---------------------------+-------+-------+-------+-------++-------
   Fire: Shortbow          |    82 |    58 |   118 |       ||   258
         Orcbow            |       |       |   131 |    53 ||   184
 Invoke: Heroism           |       |       |     4 |     2 ||     6
    Use: Scroll            |     7 |     6 |     7 |     1 ||    21
         Potion            |       |     3 |     1 |     1 ||     5
 Armour: Leather armour    |    10 |     5 |    87 |    47 ||   149
  Dodge: Dodged            |    13 |     9 |   110 |    38 ||   170

Table legend:
 A = Non-vault XP
 B = Vault XP
 C = Vault XP percentage of total XP
 D = Non-vault monster count
 E = Vault monster count
 F = Vault count percentage of total count
                 A         B        C        D         E       F
            +---------+---------+-------+---------+---------+-------
      Total |    2380 |    2653 |  52.7 |     105 |      10 |   8.7
            +---------+---------+-------+---------+---------+-------
        D:1 |      27 |       0 |   0.0 |      19 |       0 |   0.0
        D:2 |      23 |       0 |   0.0 |      14 |       0 |   0.0
        D:3 |      57 |     223 |  79.6 |      11 |       1 |   8.3
        D:4 |      61 |       0 |   0.0 |       7 |       0 |   0.0
        D:5 |     674 |       0 |   0.0 |      20 |       0 |   0.0
        D:6 |     700 |       0 |   0.0 |      11 |       0 |   0.0
        D:7 |     358 |     400 |  52.8 |      15 |       5 |  25.0
        D:8 |     480 |    2030 |  80.9 |       8 |       4 |  33.3
            +---------+---------+-------+---------+---------+-------
